 Dungeon Crawl Stone Soup version 0.29-a0-613-gf2c431b9b9 (webtiles) character file.

Game seed: 11550083717222944004

79 moldycheese5 the Skirmisher (level 4, -3/37 HPs)
             Began as a Demonspawn Abyssal Knight on June 16, 2022.
             Was a Believer of Lugonu.
             Slain by an orc
             ... wielding a +0 war axe
              (9 damage)
             ... on level 5 of the Dungeon.
             The game lasted 00:04:56 (2254 turns).

moldycheese5 the Skirmisher (DsAK)                  Turns: 2254, Time: 00:04:56

Health: -3/37      AC:  5    Str: 15    XL:     4   Next: 16%
Magic:  4/5        EV: 11    Int: 11    God:    Lugonu [**....]
Gold:   14         SH:  0    Dex: 14    Spells: 3/3 levels left

rFire   . . .      SeeInvis .   j - +3 quarterstaff (spect)
rCold   . . .      Faith    .   (shield currently unavailable)
rNeg    . . .      Spirit   .   b - +0 leather armour
rPois   .          Reflect  .   (no helmet)
rElec   .          Harm     .   (no cloak)
rCorr   .          Rampage  .   (no gloves)
Will    .....                   (no boots)
Stlth   +.........              (no amulet)
HPRegen 0.12/turn               (no ring)
MPRegen 0.09/turn               (no ring)

@: no status effects
A: icy blue scales 1, powered by pain 1
a: Renounce Religion, Depart the Abyss, Bend Space


You were on level 5 of the Dungeon.
You worshipped Lugonu.
Lugonu was pleased with you.
You visited 1 branch of the dungeon, and saw 4 of its levels.
You visited the Abyss 1 time.

You collected 50 gold pieces.
You spent 36 gold pieces at shops.

Inventory:

Hand Weapons
 a - a +1 falchion
 j - a +3 spectral quarterstaff (weapon)
Armour
 b - a +0 leather armour (worn)
Jewellery
 m - a ring of poison resistance
Scrolls
 c - 2 scrolls of teleportation {unknown}
 f - 4 scrolls of identify {unknown}
 h - a scroll of enchant weapon {unknown}
 i - a scroll of poison {unknown}
 l - a scroll of enchant armour {unknown}
 n - a scroll of vulnerability {unknown}
 p - a scroll of noise {unknown}
Potions
 d - a potion of lignification {unknown}
 e - a potion of cancellation
 g - 2 potions of haste {unknown}
 k - 2 potions of curing
 o - a potion of invisibility {unknown}
 q - a potion of attraction {unknown}


   Skills:
 + Level 3.8 Fighting
 + Level 2.7 Long Blades
 + Level 0.3 Staves
 + Level 2.1 Armour
 + Level 1.4 Dodging
 + Level 2.6 Invocations


You had 3 spell levels left.
You didn't know any spells.
Your spell library contained the following spells:

 Spells                   Type           Power      Damage    Failure   Level
 Necrotize                Necr           0%         1d4       41%         1
 Slow                     Hex            0%         N/A       41%         1
 Blink                    Tloc           0%         N/A       54%         2
 Confusing Touch          Hex            0%         N/A       78%         3
 Vampiric Draining        Necr           0%         2d6       78%         3
 Manifold Assault         Tloc           0%         N/A       100%        5
 Storm Form               Tmut/Air       0%         N/A       100%        7


Dungeon Overview and Level Annotations

Branches:
Dungeon (3/15)

Altars:

Shops:
D:2 *


Innate Abilities, Weirdness & Mutations

You are partially covered in icy blue scales. (AC +2)
You sometimes gain a little power by taking damage.


Message History

The orc wizard shouts!
You sock the orc!
You kill the orc!
Lugonu accepts your kill.
An orc comes into view. It is wielding a +0 trident.
The orc wizard gestures wildly while chanting.
The orc wizard flickers and vanishes!
Deactivating autopickup; reactivate with Ctrl-A.
Things that are here:
a +0 whip; a +0 leather armour; an orc corpse You closely miss the iguana.
The iguana barely misses you.
You hit the iguana.
The iguana is moderately wounded.
The iguana bites you! x2
You are too injured to fight recklessly!
You are too injured to fight recklessly!
You are too injured to fight recklessly!
You are too injured to fight recklessly!
You are too injured to fight recklessly!
You are too injured to fight recklessly!
You are too injured to fight recklessly!
You are too injured to fight recklessly!
It was a potion of cancellation.
You feel magically purged. The iguana bites you.
* * * LOW HITPOINT WARNING * * *
Space bends violently around you!
You blink.
Unknown command.
Space bends violently around you!
You blink.
The iguana hisses menacingly.
An orc comes into view. It is wielding a +0 war axe.
Okay, then.
An orc wizard appears from thin air!
Reactivating autopickup.
You fail to use your ability.
The orc wizard mumbles some strange words.
The orc wizard flickers and vanishes!
Deactivating autopickup; reactivate with Ctrl-A.
Space bends violently around you!
You blink.
The orc hits you with a +0 war axe!
You die... ######################## .......o{..o..lo@....... ########################

You could see an iguana and 2 orcs.

Vanquished Creatures
  2 adders (D:2)
  2 worms (D:2)
  A dart slug (D:2)
  An orc (D:5)
  4 endoplasms
  4 goblins
  5 hobgoblins
  6 jackals
  8 kobolds
  A quokka (D:1)
  7 ball pythons
  4 bats
  A frilled lizard (D:2)
  2 rats
48 creatures vanquished.

Notes
Turn   | Place    | Note
-------+----------+-------------------------------------------
     0 | Abyss:1  | moldycheese5 the Demonspawn Abyssal Knight began the quest
                  | for the Orb.
     0 | Abyss:1  | Reached XP level 1. HP: 18/18 MP: 2/2
     0 | D:1      | Escaped the Abyss
   203 | D:1      | Reached ** piety under Lugonu
   341 | D:1      | Reached skill level 1 in Dodging
   413 | D:1      | Gained mutation: You sometimes gain a little power by
                  | taking damage. [demonic ancestry]
   413 | D:1      | Reached XP level 2. HP: 24/24 MP: 3/3
  1420 | D:2      | Found a faded altar of an unknown god.
  1425 | D:2      | Got Plato's Tome of Dark Arts
  1519 | D:2      | Reached XP level 3. HP: 30/30 MP: 4/4
  1675 | D:2      | Found Buceeph's General Store.
  1703 | D:2      | Bought a potion of curing for 36 gold pieces
  1982 | D:2      | Gained mutation: You are partially covered in icy blue
                  | scales. (AC +2) [demonic ancestry]
  1982 | D:2      | Reached XP level 4. HP: 36/37 MP: 5/5
  2195 | D:3      | You fall into a shaft and drop 2 floors!
  2195 | D:5      | Entered Level 5 of the Dungeon
  2254 | D:5      | Slain by an orc

Illustrated notes

Levels and vault maps discovered:
D:1:      matt_arrival_spirals, layout_loops_ring,
          hangedman_abyss_or_decor_lesser_grid
D:2:      layout_basic, serial_shops, nicolae_shop_advertising_works
          [nicolae_subvault_shop_adworks], shapermc_ecumenical_altar_rom_forum,
          minmay_box_of_dots
D:3:      cheibrodos_helix_gallery, layout_basic, tso_oasis_becter,
          lightli_temple_of_fire, nicolae_dithmenos_the_darkroom,
          uniq_crazy_yiuf_cottage
D:5:      layout_basic, uniq_pikel

Skill      XL: |  1  2 |
---------------+-------+-----
Dodging        | 1 |  1.4
Armour         | 2 |  2.1
Long Blades    | 2 |  2.7
Fighting       | |  3.8
Staves         | |  0.3
Invocations    | |  2.6

Action                   |  1- 3 |  4- 6 || total
-------------------------+-------+-------++-------
Melee: Falchion          |    85 |       ||    85
       Quarterstaff      |    28 |     8 ||    36
Invok: Depart the Abyss  |     1 |       ||     1
       Bend Space        |       |     3 ||     3
  Use: Potion            |       |     1 ||     1
 Stab: Sleeping          |     1 |       ||     1
Armor: Leather armour    |    45 |       ||    45
Dodge: Dodged            |    71 |     4 ||    75

Table legend: (Time is in decaauts)
 A = Elapsed time spent in this place.
 B = Non-inter-level travel time spent in this place.
 C = Inter-level travel time spent in this place.
 D = Time resting spent in this place.
 E = Time spent auto-exploring this place.
 F = Levels seen in this place.
 G = Mean time per level.
                   A        B        C        D        E       F      G
               +--------+--------+--------+--------+--------+-----+--------+
         Total |   2280 |   2195 |     85 |      0 |   1852 |   5 |  456.0 |
       Dungeon |   2280 |   2195 |     85 |      0 |   1852 |   4 |  570.0 |
         Abyss |      0 |      0 |      0 |      0 |      0 |   1 |    0.0 |
               +--------+--------+--------+--------+--------+-----+--------+

Top non-repeatable levels by time:
     D:1: 1401 daAuts
     D:2: 819 daAuts
     D:5: 59 daAuts
